 Dungeon Crawl Stone Soup version 0.30-a0-672-gc3a7216ad8 (webtiles) character file.

Game seed: 16331322523513796438

22 Leeroy the Slasher (level 2, -3/17 HPs)
             Began as a Tengu Warper on Jan 18, 2023.
             Slain by Jessica
             ... wielding a +7 club
              (8 damage)
             ... on level 2 of the Dungeon.
             The game lasted 00:00:44 (471 turns).

Leeroy the Slasher (Tengu Warper)                    Turns: 471, Time: 00:00:45

Health: -3/17      AC:  3    Str: 11    XL:     2   Next: 91%
Magic:  6/6        EV: 11    Int: 13    God:
Gold:   72         SH:  0    Dex: 13    Spells: 5/5 levels left

rFire   . . .      SeeInvis .    a - +0 falchion
rCold   . . .      Faith    .    (no shield)
rNeg    . . .      Spirit   .    b - +0 leather armour
rPois   .          Reflect  .    (helmet restricted)
rElec   .          Harm     .    (no cloak)
rCorr   .          Rampage  .    (no gloves)
Will    .....                    (boots unavailable)
Stlth   +                        (no amulet)
HPRegen 0.22/turn                (no ring)
MPRegen 0.10/turn                (no ring)

@: no status effects
A: beak, talons 3
a: no special abilities


You were on level 2 of the Dungeon.
You visited 1 branch of the dungeon, and saw 2 of its levels.

You collected 72 gold pieces.

Inventory:

Hand Weapons
 a - a +0 falchion (weapon)
Missiles
 d - 7 boomerangs of dispersal (quivered)
Armour
 b - a +0 leather armour (worn)
Scrolls
 c - a scroll of blinking
 f - 3 scrolls of identify {unknown}
 h - a scroll of teleportation {unknown}
 i - 3 scrolls of butterflies {unknown}
Potions
 e - a potion of lignification {unknown}
 g - a potion of mutation {unknown}
 j - a potion of might {unknown}


   Skills:
 - Level 2.0 Fighting
 + Level 3.6 Long Blades
 - Level 1.0 Throwing
 - Level 1.1 Armour
 - Level 2.1 Dodging
 - Level 2.0 Spellcasting
 - Level 2.4 Translocations


You had 5 spell levels left.
You didn't know any spells.
Your spell library contained the following spells:

 Spells                   Type           Power      Damage    Failure   Level
 Blink                    Tloc           14%        N/A       19%         2
 Lesser Beckoning         Tloc           14%        N/A       19%         2
 Teleport Other           Tloc           7%         N/A       36%         3
 Vhi's Electric Charge    Tloc/Air       8%         N/A       52%         3
 Manifold Assault         Tloc           7%         N/A       77%         4


Dungeon Overview and Level Annotations

Branches:
Dungeon (2/15)

Altars:

Annotations:
D:2 Jessica


Innate Abilities, Weirdness & Mutations

You have a beak for a mouth.
You have claws for feet.


Message History

There is a stone staircase leading down here.
You see here a quokka skeleton.
You climb downwards.
Found a sapphire potion.
There is a stone staircase leading up here.
You can't go down here!
There's nothing to open nearby.
A frilled lizard comes into view.
Found 3 scrolls labelled LOUZAFF MASU.
The frilled lizard hisses angrily.
A frilled lizard is nearby!
The frilled lizard bites you.
You miss the frilled lizard. Your peck misses the frilled lizard.
The frilled lizard barely misses you.
You barely miss the frilled lizard. The frilled lizard barely misses you.
You barely miss the frilled lizard. Your kick misses the frilled lizard.
Your peck misses the frilled lizard. The frilled lizard closely misses you.
You closely miss the frilled lizard. Your kick misses the frilled lizard.
You peck the frilled lizard.
You kill the frilled lizard!
i - 3 scrolls labelled LOUZAFF MASU
j - a sapphire potion
There is a stone staircase leading up here.
Key pressed, stopping explore.
No target in view!
Key pressed, stopping explore.
No target in view!
You now have 72 gold pieces (gained 9).
Jessica the Apprentice Sorceress comes into view.
She is wielding a +7 club.
Jessica shouts!
You see here 15 gold pieces.
Found a pink potion.
Jessica hits you with a +7 club!
You barely miss Jessica. Your kick misses Jessica.
Jessica hits you with a +7 club.
* * * LOW HITPOINT WARNING * * *
You barely miss Jessica. Your kick misses Jessica.
You punch Jessica, but do no damage.
Jessica shouts, "Stop bothering me, or I'll kill you!"
Jessica hits you with a +7 club!
You die...

.......<..####.#
.#####......##.#
#.#..#.##.#######
#....#.##........##
#.##.#.##..# ...
#..........# ..#
........###.# ..
...######
#.##.#..#. ###
#$@@.....!
#..........##
#.#####.##.# # .# #


You could see Jessica.

Vanquished Creatures
  2 endoplasms (D:1)
  A giant cockroach (D:1)
  2 goblins (D:1)
  A hobgoblin (D:1)
  2 jackals (D:1)
  2 kobolds (D:1)
  2 quokkas (D:1)
  2 ball pythons (D:1)
  4 frilled lizards
  A rat (D:1)
19 creatures vanquished.

Notes
Turn   | Place    | Note
-------+----------+-------------------------------------------
     0 | D:1      | Leeroy the Tengu Warper began the quest for the Orb.
     0 | D:1      | Reached XP level 1. HP: 12/12 MP: 4/4
   127 | D:1      | Reached skill level 3 in Long Blades
   127 | D:1      | Reached XP level 2. HP: 17/17 MP: 6/6
   468 | D:2      | Noticed Jessica
   471 | D:2      | Slain by Jessica

Illustrated notes

Levels and vault maps discovered:
D:1:      minmay_arrival_stair_chambers, layout_basic
D:2:      layout_loops_cross, shapermc_ecumenical_altar_rom_forum,
          minmay_misc_feat_ornament, uniq_jessica, uniq_natasha

Skill      XL: |  1 |
---------------+----+-----
Long Blades    | 3 |  3.6
Fighting       | |  2.0
Throwing       | |  1.0
Armour         | |  1.1
Dodging        | |  2.1
Spellcasting   | |  2.0
Translocations | |  2.4

Action                   || total
-------------------------++-------
Melee: Falchion          ||    32
       Kick              ||     8
       Peck              ||     3
       Punch             ||     1
Armor: Leather armour    ||     6
Dodge: Dodged            ||    13

Table legend: (Time is in decaauts)
 A = Elapsed time spent in this place.
 B = Non-inter-level travel time spent in this place.
 C = Inter-level travel time spent in this place.
 D = Time resting spent in this place.
 E = Time spent auto-exploring this place.
 F = Levels seen in this place.
 G = Mean time per level.
                   A        B        C        D        E       F      G
               +--------+--------+--------+--------+--------+-----+--------+
         Total |    475 |    456 |     19 |      0 |    363 |   2 |  237.5 |
       Dungeon |    475 |    456 |     19 |      0 |    363 |   2 |  237.5 |
               +--------+--------+--------+--------+--------+-----+--------+

Top non-repeatable levels by time:
     D:1: 441 daAuts
     D:2: 33 daAuts
